 Dungeon Crawl Stone Soup version 0.31-a0-188-g5e087ee2ca (webtiles) character file.

Game seed: 7907776347508802215

1542 qw the Skirmisher (level 8, -5/44 HPs)
             Began as a Deep Elf Hunter on June 22, 2023.
             Slain by a gnoll
             ... wielding a +0 halberd
              (6 damage)
             ... on level 5 of the Dungeon.
             The game lasted 00:01:30 (3889 turns).

qw the Skirmisher (Deep Elf Hunter)                 Turns: 3889, Time: 00:01:31

Health: -5/44      AC: 10    Str: 10    XL:     8   Next: 56%
Magic:  10/10      EV: 17    Int: 15    God:
Gold:   106        SH:  0    Dex: 21    Spells: 7/7 levels left

rFire   . . .        Y - +0 shortbow
rCold   . . .        (shield currently unavailable)
rNeg    . . .        h - +0 ring mail
rPois   .            (helmet restricted)
rElec   .            (no cloak)
rCorr   .            (no gloves)
SInv    .            g - +2 pair of boots of the Harp {Dex+3}
Will    .....        (no amulet)
Stlth   +            e - +5 ring of evasion
HPRegen 0.27/turn    (no ring)
MPRegen 0.12/turn

%: no passive effects
@: no status effects
A: antennae 1, MP-powered wands
a: no special abilities


You were on level 5 of the Dungeon.
You visited 2 branches of the dungeon, and saw 6 of its levels.

You collected 270 gold pieces.
You spent 164 gold pieces at shops.


Innate Abilities, Weirdness & Mutations

You have a pair of small antennae on your head.
You expend magic power (3 MP) to strengthen your wands.


   Skills:
 - Level 2.0 Fighting
 - Level 11.1 Ranged Weapons
 - Level 10.3 Armour
 + Level 3.9 Dodging
 - Level 1.2 Stealth


You had 7 spell levels left.
You didn't know any spells.
Your spell library was empty.

Inventory:

Hand Weapons
 Y - a +0 shortbow (weapon)
Armour
 g - the +2 pair of boots of the Harp (worn) {Dex+3}
   (You found it on level 4 of the Dungeon)

   Dex:       It affects your dexterity (+3).
 h - a +0 ring mail (worn)
Jewellery
 e - a +5 ring of evasion (left hand)
 n - a ring of fire
Scrolls
 b - 3 scrolls of identify
 d - a scroll of enchant weapon {unknown}
 j - 2 scrolls of vulnerability {unknown}
Potions
 a - 2 potions of curing
 c - 2 potions of enlightenment
 f - a potion of might
 i - a potion of haste
 m - a potion of mutation

Dungeon Overview and Level Annotations

Branches:
Dungeon (5/15)             Temple (1/1) D:4

Altars:
Ashenzari
Dithmenos
Elyvilon
Fedhas
Hepliaklqana
Kikubaaqudgha
Makhleb
Qazlal
Sif Muna
Trog
Uskayaw
Vehumet
Wu Jian
Xom
Yredelemnul
Zin
The Shining One

Shops:
D:3 :![!*

Annotations:
D:1 2 transporters


Message History

You shoot an arrow.
The arrow completely misses the sky beast.
The sky beast hits you but does no damage.
The gnoll closely misses you.
You shoot an arrow. The arrow closely misses the sky beast.
The sky beast completely misses you.
The gnoll splashes around in the water.
You shoot an arrow. The arrow misses the sky beast.
The sky beast hits you. The sky beast shocks you.
The gnoll splashes around in the water.
You shoot an arrow. The arrow hits the sky beast.
The sky beast is moderately wounded.
The sky beast completely misses you.
You shoot an arrow. The arrow closely misses the sky beast.
The gnoll misses you. The sky beast completely misses you.
You shoot an arrow. The arrow barely misses the sky beast.
The gnoll misses you.
You shoot an arrow.
The arrow hits the sky beast but does no damage.
The sky beast is moderately wounded.
The sky beast barely misses you. The gnoll barely misses you.
You shoot an arrow. The arrow barely misses the sky beast.
The sky beast hits you. The sky beast shocks you.
The gnoll hits you from afar with a +0 halberd.
You shoot an arrow. The arrow hits the sky beast.
The sky beast is severely wounded.
The sky beast hits you but does no damage.
The gnoll completely misses you.
You shoot an arrow.
The arrow hits the sky beast but does no damage.
The sky beast is heavily wounded.
The sky beast closely misses you. The gnoll misses you.
You shoot an arrow. The arrow closely misses the sky beast.
The sky beast hits you but does no damage.
The gnoll hits you from afar with a +0 halberd.
You shoot an arrow.
The arrow hits the sky beast but does no damage.
The sky beast is heavily wounded.
The sky beast closely misses you.
The gnoll hits you from afar with a +0 halberd.
You die...

77.7 7.77
........##
7.77
#.P...P..#
7..7
#..~.~...#
77.7
#.P~P~.).#
7 7.7
#..~.~...#
7777.7
...~.g...#
.7...7
....P.PY.#
.....7
......%@.#
7...77
##..###..#
7.777 #.##
7.7 .##.#


777 #.##.# #..##.# ##..##.# ###...##.# 777#>....##[# You could see a sky beast
and a gnoll.

Vanquished Creatures
  Sigmund (D:3)
  A yak (D:5)
  A black bear (D:5)
  2 phantoms (D:5)
  2 scorpions (D:4)
  A hound (D:5)
  3 iguanas
  2 orc wizards (D:4)
  A sleepcap (D:5)
  Natasha (thrice) (D:3)
  5 gnolls
  5 adders
  An ufetubus (D:5)
  A worm (D:4)
  3 dart slugs
  7 orcs
  4 bats
  6 endoplasms
  4 giant cockroaches
  2 goblins
  8 hobgoblins
  4 jackals (D:3)
  5 kobolds
  3 quokkas
  9 ball pythons
  A frilled lizard (D:3)
  2 rats
87 creatures vanquished.

Notes
Turn   | Place    | Note
-------+----------+-------------------------------------------
     0 | D:1      | qw the Deep Elf Hunter began the quest for the Orb.
     0 | D:1      | Reached XP level 1. HP: 12/12 MP: 3/3
     0 | D:1      | 0 ||| qw: Version: 0.3-a-9-g12657ce
     0 | D:1      | 0 ||| qw: Game counter: 2731
     0 | D:1      | 0 ||| qw: Always use a shield: true
     0 | D:1      | 0 ||| qw: God list: Okawaru
     0 | D:1      | 0 ||| qw: Allow faded altars: false
     0 | D:1      | 0 ||| qw: Do Orc after D:15 true
     0 | D:1      | 0 ||| qw: Do second Lair branch before Depths: true
     0 | D:1      | 0 ||| qw: Lair rune preference: random
     0 | D:1      | 0 ||| qw: Plans: Normal
     0 | D:1      | 0 ||| PLANNING D:1-11
   515 | D:1      | Reached skill level 6 in Ranged Weapons
   515 | D:1      | Reached XP level 2. HP: 16/16 MP: 4/4
   765 | D:1      | 765 ||| UPGRADING to +0 pair of boots.
   770 | D:1      | 770 ||| UPGRADING to +0 ring mail.
   780 | D:1      | 780 ||| DROPPING +0 leather armour.
   781 | D:1      | 781 ||| UPGRADING to +5 ring of evasion.
   782 | D:1      | 782 ||| READING scroll labelled YJOLUO WOEME.
   783 | D:1      | 783 ||| READING scroll labelled PAFA TEILA.
   784 | D:1      | 784 ||| DROPPING scroll of butterflies.
   818 | D:2      | 818 ||| STAIRDANCE
  1044 | D:2      | Reached XP level 3. HP: 20/20 MP: 5/5
  1160 | D:2      | Reached skill level 7 in Ranged Weapons
  1551 | D:2      | 1551 ||| READING scroll labelled AWAPRI FONK.
  1552 | D:2      | 1552 ||| READING scroll labelled ZIOPOT XYUGGEO.
  1553 | D:2      | 1553 ||| READING 2 scrolls of identify.
  1553 | D:2      | 1553 ||| IDENTIFYING brown potion
  1554 | D:2      | 1554 ||| DROPPING potion of lignification.
  1591 | D:3      | Reached XP level 4. HP: 25/25 MP: 6/6
  1614 | D:3      | Found Nuusk's Distillery.
  1623 | D:3      | 1623 ||| BUYING potion of curing (36 gold).
  1623 | D:3      | Bought a potion of curing for 36 gold pieces
  1623 | D:3      | 1623 ||| BUYING potion of enlightenment (60 gold).
  1623 | D:3      | Bought a potion of enlightenment for 60 gold pieces
  1623 | D:3      | 1623 ||| BUYING potion of might (48 gold).
  1623 | D:3      | Bought a potion of might for 48 gold pieces
  1658 | D:3      | Noticed Natasha
  1668 | D:3      | Killed Natasha
  1677 | D:3      | Noticed Natasha
  1686 | D:3      | Killed Natasha
  1687 | D:3      | Reached skill level 8 in Ranged Weapons
  1816 | D:3      | Noticed Sigmund
  1818 | D:3      | 1818 ||| DRINKING 2 potions of curing.
  1818 | D:3      | 1818 ||| (to cure confusion)
  1825 | D:3      | Killed Sigmund
  1826 | D:3      | Reached skill level 9 in Ranged Weapons
  1826 | D:3      | Reached XP level 5. HP: 24/29 MP: 7/7
  1826 | D:3      | Reached XP level 6. HP: 28/34 MP: 8/8
  1836 | D:3      | Noticed Natasha
  1843 | D:3      | 1843 ||| Stepping ~*~*~tactically~*~*~ (outnumbered).
  1845 | D:3      | Killed Natasha
  1920 | D:3      | Found Anoczu's Distillery.
  1931 | D:3      | 1931 ||| SHOPLISTING potion of curing (42 gold, have 36).
  1931 | D:3      | 1931 ||| SHOPLISTING potion of haste (140 gold, have 36).
  1931 | D:3      | 1931 ||| SHOPLISTING potion of heal wounds (70 gold, have
                  | 36).
  1931 | D:3      | 1931 ||| SHOPLISTING potion of resistance (140 gold, have
                  | 36).
  1948 | D:3      | Found Mutugiad's Book Emporium.
  2051 | D:3      | Found Addegul's General Store.
  2054 | D:3      | 2054 ||| BUYING scroll of identify (20 gold).
  2054 | D:3      | Bought a scroll of identify for 20 gold pieces
  2141 | D:3      | Found Amakarua's Armour Shoppe.
  2161 | D:3      | 2161 ||| READING scroll labelled DIGHANUCYG.
  2164 | D:3      | 2164 ||| DRINKING 2 fizzy black potions.
  2164 | D:3      | Gained mutation: You sometimes lose your temper in combat.
                  | [potion of mutation]
  2165 | D:3      | 2165 ||| DRINKING potion of mutation.
  2165 | D:3      | Lost mutation: You sometimes lose your temper in combat.
                  | [potion of mutation]
  2165 | D:3      | Gained mutation: You expend magic power (3 MP) to
                  | strengthen your wands. [potion of mutation]
  2165 | D:3      | Gained mutation: Your magical capacity is low. (-10% MP)
                  | [potion of mutation]
  2165 | D:3      | Lost mutation: Your magical capacity is low. (-10% MP)
                  | [potion of mutation]
  2165 | D:3      | Gained mutation: You have a pair of small antennae on your
                  | head. [potion of mutation]
  2175 | D:3      | 2175 ||| READING 3 scrolls of identify.
  2175 | D:3      | 2175 ||| IDENTIFYING bubbling golden potion
  2216 | D:4      | Identified the +2 pair of boots of the Harp {Dex+3}
  2246 | D:4      | Reached skill level 10 in Ranged Weapons
  2270 | D:4      | Reached skill level 3 in Dodging
  2299 | D:4      | Found a staircase to the Ecumenical Temple.
  2300 | D:4      | 2300 ||| PLANNING TEMPLE
  2306 | D:4      | 2306 ||| UPGRADING to +2 pair of boots of the Harp {Dex+3}.
  2316 | D:4      | 2316 ||| DROPPING +0 pair of boots.
  2317 | D:4      | 2317 ||| READING 3 scrolls of identify.
  2317 | D:4      | 2317 ||| IDENTIFYING puce potion
  2318 | D:4      | 2318 ||| DRINKING potion of experience.
  2318 | D:4      | Reached XP level 7. HP: 40/40 MP: 9/9
  2328 | Temple   | Entered the Ecumenical Temple
  2456 | Temple   | 2456 ||| PLANNING D:1-11
  2700 | D:4      | 2700 ||| Stepping ~*~*~tactically~*~*~ (outnumbered).
  3336 | D:4      | 3336 ||| DROPPING ring of magical power.
  3337 | D:4      | 3337 ||| READING scroll labelled CISKOU ETSAE.
  3338 | D:4      | 3338 ||| READING scroll labelled VISEIDYTIAGYDGH.
  3339 | D:4      | 3339 ||| READING 4 scrolls of identify.
  3339 | D:4      | 3339 ||| IDENTIFYING ruby potion
  3340 | D:4      | 3340 ||| DROPPING potion of brilliance.
  3364 | D:5      | Entered Level 5 of the Dungeon
  3410 | D:5      | Reached XP level 8. HP: 44/44 MP: 10/10
  3654 | D:5      | Reached skill level 11 in Ranged Weapons
  3885 | D:5      | HP: 9/44 [sky beast (6)]
  3885 | D:5      | HP: 4/44 [gnoll/+0 halberd (5)]
  3888 | D:5      | HP: 1/44 [gnoll/+0 halberd (4)]
  3889 | D:5      | Slain by a gnoll

Levels and vault maps discovered:
D:1:      spicycebolla_arrival_transporter_tutorial, layout_loops_ring
D:2:      layout_loops_ring, kennysheep_generic_room_16
D:3:      layout_basic, serial_shops, nicolae_square_shop, shop,
          nicolae_shop_real_fake_doors, nicolae_shop_just_a_little_nook,
          nicolae_book_shop_shelving, uniq_sigmund, uniq_natasha
D:4:      layout_loops_ring, temple_fountains, chequers_big_river,
          nicolae_eternal_life
D:5:      kb_forest_paths, layout_rooms, nicolae_shop_distant_corner_stores,
          dreamdust_gnoll_farm
Temple:   minmay_crystal_spiral_temple

Skill      XL: |  1  2  3  4  5  6  7  8 |
---------------+-------------------------+-----
Ranged Weapons | 6 7 9 10 11 | 11.1
Fighting       | 2 |  2.0
Dodging        | 3 |  3.9
Armour         | 10 | 10.3
Stealth        | |  1.2

Action                     |  1- 3 |  4- 6 |  7- 9 || total
---------------------------+-------+-------+-------++-------
   Fire: Shortbow          |   112 |    80 |   177 ||   369
    Use: Scroll            |     5 |     3 |     3 ||    11
         Potion            |       |     4 |       ||     4
 Armour: Ring mail         |    11 |     9 |    22 ||    42
  Dodge: Dodged            |    71 |    20 |    84 ||   175

Table legend:
 A = Non-vault XP
 B = Vault XP
 C = Vault XP percentage of total XP
 D = Non-vault monster count
 E = Vault monster count
 F = Vault count percentage of total count
                 A         B        C        D         E       F
            +---------+---------+-------+---------+---------+-------
      Total |     666 |     935 |  58.4 |      76 |      11 |  12.6
            +---------+---------+-------+---------+---------+-------
        D:1 |      19 |       0 |   0.0 |      11 |       0 |   0.0
        D:2 |      74 |       1 |   1.3 |      21 |       1 |   4.5
        D:3 |      99 |     266 |  72.9 |      16 |       2 |  11.1
        D:4 |     361 |       0 |   0.0 |      19 |       0 |   0.0
        D:5 |     113 |     668 |  85.5 |       9 |       8 |  47.1
            +---------+---------+-------+---------+---------+-------
